General information
- name: BNet
- type: Ladder team game (AT/RT)
- host: Battle.net
- saver: ClickBaitin
map: Deathknell
- players: 8
- length: 39:12
- speed: Fast
- version: 1.28 W3XP
- replay type: Public
» download(333 KB)
Players
team 1 (winner)

»
why2 (
yellow | 27 APM | 743 actions | 27:51)
5 Death Knight
3 Death Coil
2 Unholy Aura
» actions
| Build / train | 74 | |
| Enter build submenu | 19 | |
| Enter hero's abilities submenu | 5 | |
| Remove unit from queue | 1 | |
| Right click | 283 | |
| Select / deselect | 293 | |
| Use ability | 68 | |
743 total
» units
| Acolyte | 8 | |
| Ghoul | 13 | |
| Crypt Fiend | 6 | |
| Gargoyle | 6 | |
| Frost Wyrm | 11 | |
44 total
» upgrades
| Creature Attack | 2 | |
| Creature Carapace | 2 | |
| Web | 1 | |
| Freezing Breath | 1 | |
6 total
» buildings
| Altar of Darkness | 1 | |
| Crypt | 1 | |
| Ziggurat | 9 | |
| Tomb of Relics | 1 | |
| Nerubian Tower | 1 | |
| Graveyard | 1 | |
| Halls of the Dead | 1 | |
| Spirit Tower | 2 | |
| Black Citadel | 1 | |
| Sacrificial Pit | 1 | |
| Boneyard | 3 | |
22 total
» build order
00:39 Altar of Darkness
00:42 Crypt
00:45 Ziggurat
01:00 Ziggurat
01:13 Tomb of Relics
01:36 Nerubian Tower
01:55 Graveyard
03:50 Ziggurat
04:33 Ziggurat
07:06 Halls of the Dead
07:09 Spirit Tower
09:34 Black Citadel
09:42 Sacrificial Pit
09:56 Ziggurat
09:58 Ziggurat
10:01 Ziggurat
10:05 Ziggurat
11:56 Boneyard
11:59 Boneyard
12:02 Boneyard
13:02 Spirit Tower
14:27 Ziggurat
» items
| Rod of Necromancy | 2 | |
| Lesser Clarity Potion | 2 | |
| Scroll of Regeneration | 4 | |
| Scroll of Town Portal | 3 | |
| Potion of Healing | 1 | |
12 total
ClickBaitin (
red | 61 APM | 2380 actions | 39:12)
10 Blademaster
3 Wind Walk
3 Critical Strike
1 Bladestorm
3 Mirror Image
1 Death Knight
1 Unholy Aura
» actions
| Assign group hotkey | 24 | |
| Basic commands | 40 | |
| Build / train | 96 | |
| Enter build submenu | 56 | |
| Enter hero's abilities submenu | 10 | |
| Give item / drop item | 4 | |
| Remove unit from queue | 4 | |
| Right click | 1145 | |
| Select / deselect | 337 | |
| Select group hotkey | 491 | |
| Use ability | 173 | |
2380 total
» units
| Peon | 8 | |
| Grunt | 5 | |
| Goblin Shredder | 1 | |
| Troll Batrider | 15 | |
| Goblin Zeppelin | 2 | |
| Frost Wyrm | 2 | |
| Raider | 3 | |
36 total
» upgrades
| Troll Regeneration | 1 | |
| Ranged Weapons | 3 | |
| Armor | 3 | |
| Liquid Fire | 1 | |
| Reinforced Defenses | 1 | |
| Pillage | 1 | |
| Melee Weapons | 3 | |
| Envenomed Spears | 1 | |
| Ensnare | 1 | |
| Creature Attack | 1 | |
| Creature Carapace | 1 | |
| Spiked Barricades | 1 | |
18 total
» buildings
| Orc Burrow | 6 | |
| Altar of Storms | 1 | |
| Barracks | 1 | |
| Voodoo Lounge | 3 | |
| Stronghold | 1 | |
| War Mill | 2 | |
| Great Hall | 3 | |
| Beastiary | 4 | |
| Watch Tower | 44 | |
| Fortress | 1 | |
| Necropolis | 1 | |
| Ziggurat | 4 | |
71 total
» build order
00:11 Orc Burrow
00:54 Orc Burrow
01:02 Altar of Storms
01:04 Barracks
01:45 Voodoo Lounge
02:53 Stronghold
04:02 War Mill
04:37 Orc Burrow
05:14 Great Hall
06:02 Beastiary
06:03 Beastiary
06:09 Orc Burrow
06:34 Watch Tower
06:44 Watch Tower
07:42 Watch Tower
07:43 Watch Tower
08:08 Orc Burrow
09:38 Fortress
10:16 Watch Tower
10:17 Watch Tower
10:18 Watch Tower
12:12 Watch Tower
12:13 Watch Tower
12:45 Watch Tower
12:45 Watch Tower
12:47 Watch Tower
12:50 War Mill
12:52 Watch Tower
13:57 Watch Tower
13:58 Watch Tower
15:11 Watch Tower
15:13 Watch Tower
15:15 Voodoo Lounge
15:17 Watch Tower
15:19 Watch Tower
17:39 Beastiary
17:39 Beastiary
17:41 Watch Tower
17:41 Watch Tower
21:36 Great Hall
21:38 Watch Tower
21:38 Watch Tower
21:38 Watch Tower
21:39 Watch Tower
21:40 Watch Tower
21:40 Watch Tower
21:41 Watch Tower
21:41 Watch Tower
21:43 Watch Tower
21:43 Watch Tower
21:43 Watch Tower
21:44 Watch Tower
21:48 Voodoo Lounge
25:13 Orc Burrow
32:20 Necropolis
32:21 Ziggurat
32:21 Ziggurat
32:22 Ziggurat
32:22 Ziggurat
32:27 Great Hall
32:30 Watch Tower
32:30 Watch Tower
32:30 Watch Tower
32:30 Watch Tower
32:31 Watch Tower
32:32 Watch Tower
32:32 Watch Tower
32:32 Watch Tower
32:35 Watch Tower
32:35 Watch Tower
32:35 Watch Tower
» items
| Healing Salve | 7 | |
| Lesser Clarity Potion | 3 | |
| Potion of Mana | 3 | |
| Orb of Lightning | 2 | |
| Potion of Healing | 4 | |
| Scroll of Town Portal | 5 | |
24 total
thebisra (
teal | 36 APM | 964 actions | 26:58)
5 Paladin
3 Holy Light
1 Devotion Aura
1 Divine Shield
3 Mountain King
2 Storm Bolt
1 Bash
» actions
| Basic commands | 80 | |
| Build / train | 107 | |
| ESC pressed | 1 | |
| Enter build submenu | 32 | |
| Enter hero's abilities submenu | 8 | |
| Give item / drop item | 1 | |
| Right click | 301 | |
| Select / deselect | 323 | |
| Use ability | 111 | |
964 total
» units
| Peasant | 9 | |
| Footman | 7 | |
| Rifleman | 8 | |
| Goblin Shredder | 1 | |
| Gnoll Overseer | 1 | |
| Ice Troll Berserker | 1 | |
| Ice Troll Trapper | 1 | |
| Gryphon Rider | 7 | |
| Knight | 4 | |
| Spell Breaker | 1 | |
40 total
» upgrades
| Swords | 3 | |
| Plating | 3 | |
| Defend | 1 | |
| Masonry | 3 | |
| Gunpowder | 2 | |
| Armor | 2 | |
| Long Rifles | 1 | |
| Lumber Harvesting | 1 | |
| Storm Hammers | 1 | |
| Animal War Training | 1 | |
18 total
» buildings
| Altar of Kings | 1 | |
| Barracks | 1 | |
| Farm | 13 | |
| Blacksmith | 1 | |
| Lumber Mill | 1 | |
| Arcane Vault | 1 | |
| Scout Tower | 9 | |
| Guard Tower | 8 | |
| Town Hall | 1 | |
| Arcane Tower | 2 | |
| Keep | 1 | |
| Castle | 1 | |
| Gryphon Aviary | 2 | |
| Arcane Sanctum | 1 | |
43 total
» build order
00:07 Altar of Kings
00:09 Barracks
00:24 Farm
01:07 Farm
01:46 Farm
02:21 Blacksmith
02:27 Farm
03:08 Lumber Mill
03:50 Arcane Vault
04:09 Scout Tower
04:39 Guard Tower
06:05 Town Hall
06:14 Scout Tower
06:28 Farm
06:36 Scout Tower
07:03 Farm
07:08 Guard Tower
07:12 Scout Tower
07:14 Guard Tower
07:17 Scout Tower
07:41 Guard Tower
07:44 Scout Tower
08:00 Scout Tower
08:11 Arcane Tower
08:25 Guard Tower
08:42 Arcane Tower
08:47 Scout Tower
08:51 Scout Tower
09:18 Guard Tower
09:21 Guard Tower
09:39 Keep
12:20 Castle
12:25 Gryphon Aviary
12:30 Gryphon Aviary
12:33 Farm
13:18 Guard Tower
13:46 Farm
13:48 Farm
14:23 Farm
16:21 Farm
16:22 Farm
19:55 Farm
22:49 Arcane Sanctum
» items
| Scroll of Regeneration | 7 | |
| Lesser Clarity Potion | 6 | |
| Scroll of Town Portal | 4 | |
| Potion of Healing | 6 | |
| Ivory Tower | 1 | |
| Potion of Mana | 1 | |
| Orb of Fire | 1 | |
26 total
headbandkush (
green | 33 APM | 888 actions | 26:54)
5 Mountain King
3 Storm Bolt
2 Bash
» actions
| Assign group hotkey | 3 | |
| Build / train | 90 | |
| Enter build submenu | 28 | |
| Enter hero's abilities submenu | 5 | |
| Remove unit from queue | 4 | |
| Right click | 374 | |
| Select / deselect | 328 | |
| Select group hotkey | 5 | |
| Use ability | 51 | |
888 total
» units
| Peasant | 26 | |
| Footman | 10 | |
| Priest | 10 | |
| Knight | 12 | |
58 total
» upgrades
| Lumber Harvesting | 1 | |
| Priest Training | 2 | |
| Masonry | 2 | |
| Swords | 2 | |
| Plating | 2 | |
| Animal War Training | 1 | |
10 total
» buildings
| Barracks | 1 | |
| Altar of Kings | 2 | |
| Farm | 6 | |
| Lumber Mill | 1 | |
| Keep | 1 | |
| Scout Tower | 9 | |
| Arcane Vault | 1 | |
| Guard Tower | 7 | |
| Blacksmith | 1 | |
| Arcane Sanctum | 2 | |
| Town Hall | 1 | |
| Castle | 1 | |
33 total
» build order
00:10 Barracks
00:14 Altar of Kings
00:22 Farm
01:02 Farm
01:52 Lumber Mill
02:22 Farm
03:22 Keep
03:28 Scout Tower
03:47 Arcane Vault
03:58 Guard Tower
04:29 Blacksmith
04:43 Farm
05:44 Scout Tower
05:48 Scout Tower
06:09 Arcane Sanctum
06:22 Town Hall
06:28 Scout Tower
07:33 Guard Tower
07:36 Scout Tower
08:05 Castle
08:35 Guard Tower
09:16 Scout Tower
09:34 Scout Tower
09:43 Guard Tower
09:50 Scout Tower
10:04 Guard Tower
10:06 Scout Tower
10:16 Guard Tower
11:19 Guard Tower
11:27 Farm
12:15 Arcane Sanctum
13:06 Farm
18:21 Altar of Kings
» items
| Scroll of Regeneration | 2 | |
| Scroll of Town Portal | 1 | |
3 total
team 2 (loser)
XASproject (
pink | 29 APM | 1124 actions | 38:20)
5 Lich
3 Frost Nova
1 Frost Armor
1 Dark Ritual
» actions
| Assign group hotkey | 25 | |
| Basic commands | 77 | |
| Build / train | 76 | |
| Enter build submenu | 25 | |
| Enter hero's abilities submenu | 5 | |
| Remove unit from queue | 6 | |
| Right click | 528 | |
| Select / deselect | 288 | |
| Select group hotkey | 41 | |
| Use ability | 53 | |
1124 total
» units
| Acolyte | 11 | |
| Ghoul | 10 | |
| Gargoyle | 13 | |
| Frost Wyrm | 4 | |
38 total
» upgrades
| Creature Attack | 3 | |
| Creature Carapace | 3 | |
| Ghoul Frenzy | 1 | |
| Stone Form | 1 | |
| Freezing Breath | 1 | |
| Swords | 0 | |
| Masonry | 1 | |
10 total
» buildings
| Crypt | 2 | |
| Altar of Darkness | 1 | |
| Ziggurat | 12 | |
| Graveyard | 1 | |
| Halls of the Dead | 1 | |
| Tomb of Relics | 1 | |
| Black Citadel | 3 | |
| Necropolis | 2 | |
| Sacrificial Pit | 1 | |
| Boneyard | 1 | |
| Spirit Tower | 9 | |
34 total
» build order
00:06 Crypt
00:10 Altar of Darkness
00:37 Ziggurat
01:48 Graveyard
01:54 Ziggurat
03:13 Halls of the Dead
04:18 Tomb of Relics
04:43 Ziggurat
07:02 Black Citadel
07:02 Black Citadel
07:02 Black Citadel
08:52 Necropolis
09:27 Sacrificial Pit
09:35 Crypt
10:23 Boneyard
10:30 Ziggurat
10:31 Ziggurat
10:32 Ziggurat
12:52 Spirit Tower
12:53 Spirit Tower
13:00 Ziggurat
13:04 Ziggurat
13:52 Spirit Tower
13:54 Spirit Tower
13:55 Spirit Tower
14:15 Spirit Tower
14:16 Spirit Tower
16:39 Ziggurat
16:41 Ziggurat
17:48 Spirit Tower
17:50 Spirit Tower
20:48 Ziggurat
20:57 Ziggurat
29:09 Necropolis
» items
| Orb of Corruption | 1 | |
| Scroll of Healing | 1 | |
| Rod of Necromancy | 1 | |
| Potion of Healing | 1 | |
4 total
NaiLz7768 (
purple | 39 APM | 1419 actions | 36:18)
6 Tauren Chieftain
3 Endurance Aura
2 War Stomp
1 Reincarnation
5 Shadow Hunter
3 Healing Wave
1 Hex
1 Serpent Ward
» actions
| Assign group hotkey | 8 | |
| Basic commands | 9 | |
| Build / train | 72 | |
| ESC pressed | 3 | |
| Enter build submenu | 38 | |
| Enter hero's abilities submenu | 11 | |
| Remove unit from queue | 2 | |
| Right click | 399 | |
| Select / deselect | 249 | |
| Select group hotkey | 522 | |
| Use ability | 106 | |
1419 total
» units
| Peon | 19 | |
| Grunt | 3 | |
| Goblin Shredder | 1 | |
| Tauren | 3 | |
| Shaman | 1 | |
| Goblin Zeppelin | 1 | |
| Troll Witch Doctor | 3 | |
| Goblin Sapper | 4 | |
35 total
» upgrades
| Spiked Barricades | 3 | |
| Pulverize | 1 | |
| Armor | 2 | |
| Melee Weapons | 2 | |
| Shaman Training | 2 | |
| Witch Doctor Training | 2 | |
| Reinforced Defenses | 1 | |
| Troll Regeneration | 1 | |
| Spirit Walker Training | 1 | |
15 total
» buildings
| Altar of Storms | 1 | |
| Orc Burrow | 8 | |
| Barracks | 1 | |
| Stronghold | 1 | |
| War Mill | 1 | |
| Voodoo Lounge | 2 | |
| Great Hall | 2 | |
| Fortress | 1 | |
| Tauren Totem | 2 | |
| Spirit Lodge | 2 | |
| Watch Tower | 18 | |
39 total
» build order
00:15 Altar of Storms
00:23 Orc Burrow
01:28 Barracks
01:55 Stronghold
02:19 Orc Burrow
02:59 War Mill
03:30 Voodoo Lounge
04:23 Great Hall
04:35 Fortress
06:41 Orc Burrow
07:08 Tauren Totem
07:11 Tauren Totem
09:18 Orc Burrow
09:20 Orc Burrow
09:45 Spirit Lodge
09:49 Spirit Lodge
10:14 Orc Burrow
11:14 Watch Tower
11:17 Watch Tower
11:33 Voodoo Lounge
12:21 Watch Tower
12:23 Watch Tower
12:31 Watch Tower
12:41 Orc Burrow
12:44 Orc Burrow
13:32 Watch Tower
13:45 Watch Tower
15:21 Watch Tower
15:24 Watch Tower
16:58 Great Hall
17:25 Watch Tower
17:31 Watch Tower
18:34 Watch Tower
18:50 Watch Tower
20:09 Watch Tower
21:25 Watch Tower
21:42 Watch Tower
22:03 Watch Tower
22:37 Watch Tower
» items
| Healing Salve | 2 | |
| Orb of Lightning | 1 | |
| Scroll of Town Portal | 2 | |
| Tiny Great Hall | 1 | |
6 total
THESWORDOFALLAH (
orange | 114 APM | 4485 actions | 39:10)
7 Archmage
3 Summon Water Elemental
3 Brilliance Aura
1 Mass Teleport
5 Paladin
3 Devotion Aura
2 Holy Light
5 Pandaren Brewmaster
3 Breath of Fire
2 Drunken Haze
» actions
| Assign group hotkey | 136 | |
| Basic commands | 469 | |
| Build / train | 181 | |
| ESC pressed | 2 | |
| Enter build submenu | 60 | |
| Enter hero's abilities submenu | 17 | |
| Give item / drop item | 4 | |
| Remove unit from queue | 2 | |
| Right click | 968 | |
| Select / deselect | 741 | |
| Select group hotkey | 1601 | |
| Use ability | 304 | |
4485 total
» units
| Peasant | 11 | |
| Footman | 5 | |
| Rifleman | 11 | |
| Goblin Shredder | 2 | |
| Gnoll Overseer | 2 | |
| Spell Breaker | 1 | |
| Sorceress | 5 | |
| Priest | 3 | |
| Mortar Team | 3 | |
| Goblin Zeppelin | 6 | |
| Goblin Sapper | 1 | |
| Dragonhawk Rider | 1 | |
| Siege Engine | 2 | |
| Gryphon Rider | 2 | |
55 total
» upgrades
| Gunpowder | 3 | |
| Long Rifles | 1 | |
| Armor | 3 | |
| Masonry | 3 | |
| Sorceress Training | 3 | |
| Plating | 3 | |
| Priest Training | 2 | |
| Swords | 3 | |
| Barrage | 1 | |
| Fragmentation Shards | 1 | |
| Control Magic | 1 | |
| Flare | 1 | |
| Storm Hammers | 2 | |
| Cloud | 1 | |
| Animal War Training | 1 | |
| Magic Sentry | 1 | |
30 total
» buildings
| Farm | 12 | |
| Altar of Kings | 2 | |
| Barracks | 1 | |
| Arcane Vault | 2 | |
| Blacksmith | 1 | |
| Lumber Mill | 2 | |
| Keep | 3 | |
| Town Hall | 4 | |
| Scout Tower | 24 | |
| Arcane Tower | 5 | |
| Castle | 1 | |
| Arcane Sanctum | 2 | |
| Workshop | 1 | |
| Guard Tower | 22 | |
| Gryphon Aviary | 2 | |
84 total
» build order
00:57 Farm
01:02 Altar of Kings
01:04 Altar of Kings
01:06 Barracks
01:08 Farm
01:35 Farm
01:48 Arcane Vault
02:24 Farm
02:48 Blacksmith
03:37 Lumber Mill
03:39 Lumber Mill
04:20 Keep
04:20 Keep
04:20 Keep
05:03 Farm
05:08 Town Hall
05:10 Scout Tower
05:45 Arcane Tower
07:15 Castle
08:19 Farm
09:42 Arcane Sanctum
09:44 Arcane Sanctum
09:49 Scout Tower
09:51 Scout Tower
10:16 Workshop
10:19 Guard Tower
10:19 Guard Tower
10:19 Guard Tower
10:28 Guard Tower
10:28 Guard Tower
10:32 Scout Tower
10:33 Scout Tower
10:35 Scout Tower
10:37 Scout Tower
10:40 Scout Tower
11:30 Farm
11:31 Farm
12:26 Farm
12:27 Farm
15:32 Farm
15:33 Farm
16:24 Scout Tower
16:25 Scout Tower
16:29 Scout Tower
16:31 Scout Tower
17:06 Guard Tower
17:06 Guard Tower
17:11 Gryphon Aviary
17:15 Gryphon Aviary
17:18 Scout Tower
17:19 Scout Tower
20:06 Guard Tower
20:06 Guard Tower
20:06 Guard Tower
23:30 Town Hall
23:31 Scout Tower
23:32 Scout Tower
23:33 Scout Tower
23:41 Scout Tower
24:20 Arcane Tower
24:20 Arcane Tower
24:21 Guard Tower
24:21 Guard Tower
24:21 Guard Tower
24:21 Guard Tower
24:22 Guard Tower
24:22 Guard Tower
24:22 Guard Tower
25:07 Arcane Vault
28:07 Town Hall
28:08 Scout Tower
28:09 Scout Tower
28:09 Scout Tower
28:11 Scout Tower
28:12 Scout Tower
29:04 Guard Tower
29:04 Guard Tower
29:04 Guard Tower
29:06 Town Hall
29:10 Scout Tower
31:33 Arcane Tower
31:33 Arcane Tower
35:35 Guard Tower
35:35 Guard Tower
» items
| Scroll of Regeneration | 8 | |
| Mechanical Critter | 3 | |
| Orb of Fire | 2 | |
| Staff of Sanctuary | 1 | |
| Scroll of Town Portal | 2 | |
16 total

»
Joy-Boy (
blue | 42 APM | 1503 actions | 35:22)
4 Blood Mage
2 Flame Strike
2 Siphon Mana
» actions
| Assign group hotkey | 26 | |
| Basic commands | 59 | |
| Build / train | 83 | |
| ESC pressed | 13 | |
| Enter build submenu | 38 | |
| Enter hero's abilities submenu | 4 | |
| Remove unit from queue | 1 | |
| Right click | 742 | |
| Select / deselect | 304 | |
| Select group hotkey | 161 | |
| Use ability | 72 | |
1503 total
» units
| Peasant | 18 | |
| Footman | 5 | |
| Rifleman | 8 | |
| Priest | 1 | |
| Sorceress | 1 | |
| Spell Breaker | 4 | |
| Siege Engine | 6 | |
| Mortar Team | 1 | |
44 total
» upgrades
| Defend | 1 | |
| Gunpowder | 3 | |
| Armor | 3 | |
| Lumber Harvesting | 2 | |
| Long Rifles | 1 | |
| Magic Sentry | 1 | |
| Priest Training | 2 | |
| Sorceress Training | 2 | |
| Control Magic | 1 | |
| Barrage | 1 | |
17 total
» buildings
| Altar of Kings | 1 | |
| Barracks | 1 | |
| Farm | 12 | |
| Arcane Vault | 1 | |
| Blacksmith | 1 | |
| Lumber Mill | 1 | |
| Scout Tower | 8 | |
| Keep | 1 | |
| Guard Tower | 6 | |
| Town Hall | 3 | |
| Arcane Sanctum | 2 | |
| Castle | 1 | |
| Arcane Tower | 1 | |
| Workshop | 3 | |
42 total
» build order
00:06 Altar of Kings
00:14 Barracks
00:23 Farm
01:12 Farm
01:40 Arcane Vault
01:51 Farm
02:37 Blacksmith
02:50 Farm
03:30 Lumber Mill
05:08 Scout Tower
05:13 Keep
05:36 Guard Tower
06:32 Farm
06:34 Farm
06:36 Farm
07:01 Scout Tower
07:50 Town Hall
07:55 Guard Tower
09:49 Scout Tower
10:01 Arcane Sanctum
10:04 Arcane Sanctum
10:11 Castle
10:57 Guard Tower
12:34 Scout Tower
12:38 Scout Tower
12:40 Scout Tower
13:05 Guard Tower
13:08 Farm
13:21 Scout Tower
14:19 Arcane Tower
14:23 Scout Tower
15:06 Guard Tower
17:01 Farm
17:02 Farm
17:04 Farm
17:05 Farm
19:14 Workshop
19:15 Workshop
20:00 Workshop
20:04 Guard Tower
21:42 Town Hall
30:38 Town Hall
» items
| Scroll of Regeneration | 4 | |
| Potion of Healing | 1 | |
| Orb of Fire | 1 | |
| Scroll of Town Portal | 1 | |
7 total
Chat log
(09:35 / All) NaiLz7768: cute
(09:56 / Allies) ClickBaitin: come on teal
(11:01 / Allies) headbandkush: b
(11:05 / Allies) ClickBaitin: it's 2
(11:52 / Allies) headbandkush: lol
(11:56 / Allies) headbandkush: terrible
(15:13 / Allies) why2: tp
(15:34 / All) NaiLz7768: awww
(15:37 / All) NaiLz7768: red is cute
(15:51 / All) NaiLz7768: he's teammate is getting rek'd and his kill expos
(16:45 / All) Joy-Boy: LOL
(21:22 / Allies) why2: WTF????????????????
(22:41 / Allies) headbandkush: gg yellow
(22:56 / Allies) why2: teal moron
(23:09 / Allies) why2: just sit there
(23:11 / Allies) why2: idiot
(26:37 / All) NaiLz7768: red is playing solo, what a noob
(26:44 / All) NaiLz7768: costing his team the game
(26:50 / All) headbandkush: ye red and teal noob
(27:16 / All) NaiLz7768: gg red
(27:19 / All) Joy-Boy: gg red
(27:20 / All) NaiLz7768: thx for the win
(27:26 / All) THESWORDOFALLAH: says the player with nothing
(27:28 / All) THESWORDOFALLAH: get carried more
(27:29 / All) THESWORDOFALLAH: LOL
(27:36 / All) THESWORDOFALLAH: big talk for a little man
(27:54 / All) NaiLz7768: but i was there with u guys with what i had
(28:04 / All) THESWORDOFALLAH: you did nothing this game and you're trash talking
(28:09 / All) NaiLz7768: kill urself
(28:15 / All) NaiLz7768: tonight
(28:17 / All) THESWORDOFALLAH: I'll kill you and give you a loss instead boi
(28:33 / All) THESWORDOFALLAH: Nice towers scrub
(28:53 / All) NaiLz7768: kieds
(28:55 / All) THESWORDOFALLAH: Red is even helping me kill your noob ass
(28:57 / All) NaiLz7768: kids
(28:58 / All) THESWORDOFALLAH: Kill yourself purple
(28:58 / All) THESWORDOFALLAH: instead
(30:02 / All) NaiLz7768: he's an idiot
(30:18 / All) NaiLz7768: naw
(30:19 / All) THESWORDOFALLAH: Purp can leave and blue and pink win or he can stay and they both lose
(30:21 / All) THESWORDOFALLAH: your choice purp
(30:24 / All) NaiLz7768: i'd rather you get the loss too
(30:25 / All) THESWORDOFALLAH: wanna rui n the game for everyone else?
(30:30 / All) THESWORDOFALLAH: Very selfish player
(30:31 / All) THESWORDOFALLAH: figures
(30:47 / All) THESWORDOFALLAH: good tp LOL
(30:48 / All) NaiLz7768: lol
(31:05 / All) THESWORDOFALLAH: tp outta this too
(31:44 / All) Joy-Boy: looks like youre going to win red
(31:56 / All) THESWORDOFALLAH: Purple is selfish and wants you to lose blue
(31:57 / All) THESWORDOFALLAH: what a prick
(32:01 / All) ClickBaitin: yep purple is noob thanks for free win nub
(32:06 / All) THESWORDOFALLAH: I hatej erks like this
(32:09 / All) NaiLz7768: yeah
(32:16 / All) NaiLz7768: team killers are such pussies
(32:30 / All) THESWORDOFALLAH: says the trash talker who got carried
(33:06 / All) NaiLz7768: k
(33:26 / All) NaiLz7768: such skill!!!
(33:30 / All) NaiLz7768: impressive!\
(33:33 / All) THESWORDOFALLAH: says the trash talker who got carried HAHA
(33:35 / All) THESWORDOFALLAH: IMPRESSIVE
(33:37 / All) THESWORDOFALLAH: HE CAN GET CARRIED
(33:39 / All) THESWORDOFALLAH: AND THEN TALK SHIT
(33:41 / All) THESWORDOFALLAH: W0W
(33:42 / All) NaiLz7768: GG RED
(33:48 / All) NaiLz7768: OJ DIDNT HAVE A CHANCE
(33:54 / All) NaiLz7768: SO HE TKD
(34:01 / All) NaiLz7768: SAD BUT TRUE
(34:10 / All) ClickBaitin: stop running your mouth you blatherskite faggot
(34:10 / All) THESWORDOFALLAH: Make excuses for giving your team a loss more pal
(34:14 / All) NaiLz7768: GG
(34:19 / All) NaiLz7768: GOOD TO SEE OJ LOSE
(34:41 / All) THESWORDOFALLAH: Blue says in allied chat you're laughing at him
(34:43 / All) ClickBaitin: gg orange you were best on your team
(34:43 / All) NaiLz7768: OJ HAS 3 EXPOS
(34:44 / All) THESWORDOFALLAH: and purp should talk more
(34:54 / All) ClickBaitin: purple lost it for you
(35:02 / All) NaiLz7768: RED UPGRADE UR RAIDERS NOOB
(35:02 / All) THESWORDOFALLAH: Purp never trash talk a game you think you won agan when you didn't do anything
(35:06 / All) THESWORDOFALLAH: this is your lesson not to be a douchebag
(35:08 / All) NaiLz7768: GG
(35:13 / All) NaiLz7768: EASY LOSS OJ
(35:16 / All) NaiLz7768: HAHAHHAHAA
(35:24 / All) THESWORDOFALLAH: I bet you're laughing
(35:27 / All) NaiLz7768: LOL
(35:28 / All) THESWORDOFALLAH: and not seething with rage right now
(35:32 / All) THESWORDOFALLAH: definitely not
(35:37 / All) NaiLz7768: KKK
(36:17 / All) NaiLz7768: OK, OJ OFFICIALLY HAS NO SHOT TO WIN, GG ALL
(36:22 / All) THESWORDOFALLAH: lol
(37:16 / All) ClickBaitin: Arashicage always brings it
(37:18 / All) ClickBaitin: Great BM
(38:31 / All) THESWORDOFALLAH: stats I guess
(38:36 / All) THESWORDOFALLAH: 29-32 pink
(38:40 / All) ClickBaitin: I'm pretty sure purple is on my old collages
(38:46 / All) THESWORDOFALLAH: 1015-1033 purp
(38:52 / All) THESWORDOFALLAH: 7-11 blue
(38:55 / All) ClickBaitin: none of my team are shit
(38:57 / All) THESWORDOFALLAH: trash recs
(39:04 / All) THESWORDOFALLAH: your team decent stats?
(39:06 / All) ClickBaitin: I say give purple loss
(39:09 / All) THESWORDOFALLAH: k